3AA
BILLINGS POLAR BEARS @ VIRGINIA BEACH DEUCES
07/17/2024
 
TOP OF THE 1ST
Billings Polar Bears batting - Pitching for Virginia Beach Deuces : RHP Mark Bell
Pitching: RHP Mark Bell
Batting: SHB Carlos Schultz 0-0: SINGLE (Line Drive, 34)
Batting: RHB Jesús Vásquez 0-0: Ball
Passed Ball!
Carlos Schultz to second
1-0: Called Strike
1-1: Ball
2-1: Foul Ball, location: 2F
2-2: Foul Ball, location: 2F
2-2: Foul Ball, location: 2F
2-2: Hit by Pitch
Batting: LHB Júlio Castro 0-0: Called Strike
Carlos Schultz is caught stealing 3rd base
Jesús Vásquez to second
0-1: Ball
1-1: Called Strike
1-2: Ball
2-2: Foul Ball, location: 2F
2-2: Ball
3-2: Base on Balls
Batting: LHB Armando Becerra 0-0: Called Strike
0-1: Ball
1-1: Foul Ball, location: 2F
1-2: Ball
2-2: SINGLE (Line Drive, 34D)
Jesús Vásquez to third
Júlio Castro to second
Batting: LHB Magali Lenidas 0-0: Called Strike
0-1: Foul Ball, location: 2F
0-2: Ball
1-2: Foul Ball, location: 2F
1-2: Foul Ball, location: 2F
1-2: Fly out, F7 (Flyball, 7M)
Runner from 3rd tags up, OUT at HOME
Top of the 1st over - 0 run(s), 2 hit(s), 0 error(s), 2 left on base; Billings 0 - Virginia Beach 0
BOTTOM OF THE 1ST
Virginia Beach Deuces batting - Pitching for Billings Polar Bears : RHP Frank Glass
Pitching: RHP Frank Glass
Batting: RHB António Acosta 0-0: Ball
1-0: Ball
2-0: Swinging Strike
2-1: Ball
3-1: Foul Ball, location: 2F
3-2: Ground out 5-3 (Groundball, 5S)
Batting: LHB Errol Levick 0-0: Ball
1-0: Ball
2-0: Ground out U3 (Groundball, 3S)
Batting: RHB Luis Jelarde 0-0: Ball
1-0: Ball
2-0: Ball
3-0: Called Strike
3-1: Swinging Strike
3-2: Ground out 5-3 (Groundball, 5)
Bottom of the 1st over - 0 run(s), 0 hit(s), 0 error(s), 0 left on base; Billings 0 - Virginia Beach 0
TOP OF THE 2ND
Billings Polar Bears batting - Pitching for Virginia Beach Deuces : RHP Mark Bell
Batting: RHB Lúcio Marín 0-0: Ball
1-0: Foul Ball, location: 2F
1-1: Ball
2-1: SINGLE (Groundball, 4M)
Batting: RHB Félix Aguilar 0-0: Grounds into double play, 5-4-3 (Groundball, 56)
Batting: LHB Rubén Ruíz 0-0: Called Strike
0-1: Foul Ball, location: 2F
0-2: Fly out, F4 (Line Drive, 4M)
Top of the 2nd over - 0 run(s), 1 hit(s), 0 error(s), 0 left on base; Billings 0 - Virginia Beach 0
BOTTOM OF THE 2ND
Virginia Beach Deuces batting - Pitching for Billings Polar Bears : RHP Frank Glass
Batting: RHB José Ramírez 0-0: Reached on error, E6 (Groundball, 56)
Batting: SHB Carlos Pérez 0-0: Called Strike
0-1: Ball
1-1: Ball
2-1: Foul Ball, location: 2F
2-2: Foul Ball, location: 2F
2-2: Grounds into double play, 4-6-3 (Groundball, 4)
Batting: RHB Wilson Pérez 0-0: Hit by Pitch
Batting: RHB Rafael Hernández 0-0: Ball
Wilson Pérez is caught stealing 2nd base
Bottom of the 2nd over - 0 run(s), 0 hit(s), 1 error(s), 0 left on base; Billings 0 - Virginia Beach 0
TOP OF THE 3RD
Billings Polar Bears batting - Pitching for Virginia Beach Deuces : RHP Mark Bell
Batting: SHB Bernard Gauthier 0-0: Ball
1-0: Ball
2-0: Called Strike
2-1: Foul Ball, location: 2F
2-2: Ground out 4-3 (Groundball, 4)
Batting: SHB Carlos Schultz 0-0: Ball
1-0: Ball
2-0: Ball
3-0: Base on Balls
Batting: RHB Jesús Vásquez 0-0: Ball
1-0: Foul Ball, location: 2F
1-1: Ball
2-1: Swinging Strike
2-2: Ball
3-2: Base on Balls
Carlos Schultz to second
Batting: LHB Júlio Castro 0-0: Ball
1-0: Foul Ball, location: 2F
1-1: Ball
2-1: SINGLE (Line Drive, 6D)
Carlos Schultz to third
Jesús Vásquez to second
Runner from 3rd tries for Home, SAFE, no throw or cutoff
Batting: LHB Armando Becerra 0-0: Called Strike
0-1: Swinging Strike
0-2: Foul Ball, location: 2F
0-2: Foul Ball, location: 2F
0-2: Grounds into double play, 4-6-3 (Groundball, 4)
Top of the 3rd over - 1 run(s), 1 hit(s), 0 error(s), 1 left on base; Billings 1 - Virginia Beach 0
BOTTOM OF THE 3RD
Virginia Beach Deuces batting - Pitching for Billings Polar Bears : RHP Frank Glass
Batting: RHB Rafael Hernández 0-0: Ball
1-0: Called Strike
1-1: Ball
2-1: Foul Ball, location: 2F
2-2: SINGLE (Groundball, 4M)
Batting: RHB Zander Bailey 0-0: Swinging Strike
0-1: Called Strike
0-2: Ball
1-2: Grounds into double play, 1-4-3 (Groundball, 13)
Batting: RHB Robert Emmet Odlum 0-0: Ball
1-0: Ball
2-0: Swinging Strike
2-1: Ball
3-1: Base on Balls
Batting: RHB António Acosta 0-0: Called Strike
0-1: Ball
1-1: DOUBLE (Line Drive, 9LS)
Robert Emmet Odlum to third
Runner from 3rd tries for Home, SAFE, no throw or cutoff
Batting: LHB Errol Levick 0-0: Ground out 1-3 (Groundball, 13)
Bottom of the 3rd over - 1 run(s), 2 hit(s), 0 error(s), 1 left on base; Billings 1 - Virginia Beach 1
TOP OF THE 4TH
Billings Polar Bears batting - Pitching for Virginia Beach Deuces : RHP Mark Bell
Batting: LHB Magali Lenidas 0-0: SINGLE (Line Drive, 89S)
Batting: RHB Lúcio Marín 0-0: Ball
Wild Pitch!
Magali Lenidas to second
1-0: Ground out 5-3 (Groundball, 5)
Batting: RHB Félix Aguilar 0-0: Ball
1-0: Called Strike
1-1: Called Strike
1-2: Fly out, F9 (Flyball, 89M)
Batting: LHB Rubén Ruíz 0-0: Called Strike
0-1: Swinging Strike
0-2: Fly out, F7 (Flyball, 78M)
Top of the 4th over - 0 run(s), 1 hit(s), 0 error(s), 1 left on base; Billings 1 - Virginia Beach 1
BOTTOM OF THE 4TH
Virginia Beach Deuces batting - Pitching for Billings Polar Bears : RHP Frank Glass
Batting: RHB Luis Jelarde 0-0: Ground out 6-3 (Groundball, 6)
Batting: RHB José Ramírez 0-0: Foul Ball, location: 2F
0-1: Ball
1-1: Foul Ball, location: 2F
1-2: Foul Ball, location: 2F
1-2: Ball
2-2: Foul Ball, location: 2F
2-2: Ball
3-2: Strikes out swinging, 2-3 out at first.
Batting: SHB Carlos Pérez 0-0: Called Strike
0-1: Ground out 5-3 (Groundball, 56S)
Bottom of the 4th over - 0 run(s), 0 hit(s), 0 error(s), 0 left on base; Billings 1 - Virginia Beach 1
TOP OF THE 5TH
Billings Polar Bears batting - Pitching for Virginia Beach Deuces : RHP Mark Bell
Batting: SHB Bernard Gauthier 0-0: Ball
1-0: Called Strike
1-1: Fly out, F9 (Flyball, 89D)
Batting: SHB Carlos Schultz 0-0: Called Strike
0-1: Ball
1-1: Called Strike
1-2: Ball
2-2: Foul Ball, location: 2F
2-2: Ground out 6-3 (Groundball, 6)
Batting: RHB Jesús Vásquez 0-0: Ball
1-0: Foul Ball, location: 2F
1-1: Ball
2-1: Swinging Strike
2-2: Foul Ball, location: 2F
2-2: Foul Ball, location: 2F
2-2: Strikes out swinging
Top of the 5th over - 0 run(s), 0 hit(s), 0 error(s), 0 left on base; Billings 1 - Virginia Beach 1
BOTTOM OF THE 5TH
Virginia Beach Deuces batting - Pitching for Billings Polar Bears : RHP Frank Glass
Batting: RHB Wilson Pérez 0-0: Swinging Strike
0-1: Bunt missed!
0-2: Ball
1-2: Ground out 1-3 (Groundball, 15)
Batting: RHB Rafael Hernández 0-0: Ball
1-0: Ball
2-0: Ground out 4-3 (Groundball, 4)
Batting: RHB Zander Bailey 0-0: Ball
1-0: Ground out 6-3 (Groundball, 6M)
Bottom of the 5th over - 0 run(s), 0 hit(s), 0 error(s), 0 left on base; Billings 1 - Virginia Beach 1
TOP OF THE 6TH
Billings Polar Bears batting - Pitching for Virginia Beach Deuces : RHP Mark Bell
Batting: LHB Júlio Castro 0-0: Swinging Strike
0-1: SINGLE (Groundball, 4MD)
Batting: LHB Armando Becerra 0-0: Called Strike
0-1: DOUBLE (Flyball, 8LXD)
Júlio Castro to third
Runner from 3rd tries for Home, SAFE, throw made home
Batting: LHB Magali Lenidas 0-0: Intentional Walk
Batting: RHB Lúcio Marín 0-0: Bunt missed!
0-1: Ball
1-1: Sac Bunt - play at first, batter OUT! 3-4
Armando Becerra to third
Magali Lenidas to second
Batting: RHB Félix Aguilar 0-0: Ball
1-0: Ball
2-0: Ball
3-0: Base on Balls
Batting: LHB Rubén Ruíz 0-0: Foul Ball, location: 2F
0-1: Ball
1-1: Ball
2-1: SINGLE (Line Drive, 9S)
Armando Becerra scores
Magali Lenidas to third
Félix Aguilar to second
Runner from 3rd tries for Home, throw and OUT!
Batting: SHB Bernard Gauthier 0-0: Ground out U3 (Groundball, 3S)
Top of the 6th over - 2 run(s), 3 hit(s), 0 error(s), 2 left on base; Billings 3 - Virginia Beach 1
BOTTOM OF THE 6TH
Virginia Beach Deuces batting - Pitching for Billings Polar Bears : RHP Frank Glass
Batting: RHB Robert Emmet Odlum 0-0: Ground out 6-3 (Groundball, 6)
Batting: RHB António Acosta 0-0: Called Strike
0-1: Ball
1-1: Ball
2-1: DOUBLE (Line Drive, 7LM)
Batting: LHB Errol Levick 0-0: Ground out 4-3 (Groundball, 4)
António Acosta to third
Batting: RHB Luis Jelarde 0-0: Ball
1-0: Ball
2-0: Ball
3-0: Base on Balls
Pitching: LHP Anaías Pedroza
Batting: RHB José Ramírez 0-0: Fly out, F9 (Flyball, 9D)
Bottom of the 6th over - 0 run(s), 1 hit(s), 0 error(s), 2 left on base; Billings 3 - Virginia Beach 1
TOP OF THE 7TH
Billings Polar Bears batting - Pitching for Virginia Beach Deuces : RHP Mark Bell
Batting: SHB Carlos Schultz 0-0: Swinging Strike
0-1: Ball
1-1: Swinging Strike
1-2: Foul Ball, location: 2F
1-2: Ball
2-2: Foul Ball, location: 2F
2-2: Strikes out swinging
Batting: RHB Jesús Vásquez 0-0: Called Strike
0-1: Ball
1-1: Ball
2-1: Foul Ball, location: 2F
2-2: Ball
3-2: Ground out 6-3 (Groundball, 6)
Batting: LHB Júlio Castro 0-0: Ball
1-0: Ball
2-0: Foul Ball, location: 2F
2-1: Swinging Strike
2-2: Foul Ball, location: 2F
2-2: Fly out, F8 (Flyball, 8LD)
Top of the 7th over - 0 run(s), 0 hit(s), 0 error(s), 0 left on base; Billings 3 - Virginia Beach 1
BOTTOM OF THE 7TH
Virginia Beach Deuces batting - Pitching for Billings Polar Bears : LHP Anaías Pedroza
Batting: SHB Carlos Pérez 0-0: Foul Ball, location: 2F
0-1: Called Strike
0-2: Ball
1-2: Ball
2-2: Ball
3-2: Base on Balls
Batting: RHB Wilson Pérez 0-0: Bunted foul
0-1: Sac Bunt - play at first, batter OUT! 2-4
Carlos Pérez to second
Batting: RHB Rafael Hernández 0-0: Ball
1-0: DOUBLE (Flyball, 89M)
Carlos Pérez scores
Pinch Hitting: RHB Armando García 0-0: Foul Ball, location: 2F
0-1: Ball
1-1: Ball
2-1: Foul Ball, location: 2F
2-2: Ball
3-2: Base on Balls
Pinch Hitting: RHB Jim Unknown 0-0: Ball
1-0: Called Strike
1-1: Ball
2-1: DOUBLE (Groundball, 5L)
Rafael Hernández scores
Armando García to third
Batting: RHB António Acosta 0-0: Ball
1-0: Called Strike
1-1: Ball
2-1: Foul Ball, location: 2F
2-2: Strikes out swinging
Batting: LHB Errol Levick 0-0: SINGLE (Flyball, 78S)
Armando García scores
Jim Unknown to third
Pitching: RHP Serafino Abreu
Batting: RHB Luis Jelarde 0-0: Fielders Choice at 2nd, 6-4 (Groundball, 6)
Bottom of the 7th over - 3 run(s), 3 hit(s), 0 error(s), 1 left on base; Billings 3 - Virginia Beach 4
TOP OF THE 8TH
Billings Polar Bears batting - Pitching for Virginia Beach Deuces : RHP Mark Bell
Pitching: LHP Jim Unknown
Now at 3B: Jim Unknown
Now at SS: Dana Akers
Batting: LHB Armando Becerra 0-0: Foul Ball, location: 2F
0-1: Ball
1-1: Swinging Strike
1-2: Ground out 5-3 (Groundball, 56)
Batting: LHB Magali Lenidas 0-0: Swinging Strike
0-1: Swinging Strike
0-2: Ball
1-2: Ball
2-2: Ball
3-2: Strikes out swinging
Batting: RHB Lúcio Marín 0-0: Fly out, F9 (Flyball, 9M)
Top of the 8th over - 0 run(s), 0 hit(s), 0 error(s), 0 left on base; Billings 3 - Virginia Beach 4
BOTTOM OF THE 8TH
Virginia Beach Deuces batting - Pitching for Billings Polar Bears : RHP Serafino Abreu
Batting: RHB José Ramírez 0-0: Called Strike
0-1: Foul Ball, location: 2F
0-2: Ball
1-2: Foul Ball, location: 2F
1-2: Ball
2-2: Strikes out swinging
Batting: SHB Carlos Pérez 0-0: Called Strike
0-1: Called Strike
0-2: Strikes out looking
Batting: RHB Wilson Pérez 0-0: Fly out, F9 (Line Drive, 89D)
Bottom of the 8th over - 0 run(s), 0 hit(s), 0 error(s), 0 left on base; Billings 3 - Virginia Beach 4
TOP OF THE 9TH
Billings Polar Bears batting - Pitching for Virginia Beach Deuces : LHP Jim Unknown
Batting: RHB Félix Aguilar 0-0: Ball
1-0: Called Strike
1-1: Ball
2-1: Reached on error, E6 (Groundball, 6D)
Pinch Hitting: RHB Johnny Bryant 0-0: Ball
1-0: Called Strike
1-1: Called Strike
1-2: Strikes out looking
Pinch Hitting: RHB Jim Unknown 0-0: Ball
1-0: Ground out 4-3 (Groundball, 4M)
Félix Aguilar to third
Batting: SHB Carlos Schultz 0-0: Called Strike
0-1: Ball
Wild Pitch!
Félix Aguilar scores
1-1: Foul Ball, location: 2F
1-2: Ball
2-2: DOUBLE (Line Drive, 89M)
Batting: RHB Jesús Vásquez 0-0: Ball
1-0: Called Strike
1-1: Ball
2-1: Ball
3-1: DOUBLE (Line Drive, 78D)
Carlos Schultz scores
Batting: LHB Júlio Castro 0-0: Called Strike
0-1: Ball
1-1: Swinging Strike
1-2: Ball
2-2: SINGLE (Groundball, 4MD) (infield hit)
Jesús Vásquez to third
Batting: LHB Armando Becerra 0-0: Called Strike
0-1: Swinging Strike
0-2: Foul Ball, location: 2F
0-2: Ball
1-2: Strikes out swinging
Top of the 9th over - 2 run(s), 3 hit(s), 1 error(s), 2 left on base; Billings 5 - Virginia Beach 4
BOTTOM OF THE 9TH
Virginia Beach Deuces batting - Pitching for Billings Polar Bears : RHP Serafino Abreu
Pitching: RHP José Juárez
Now at 1B: Michael Bucknell
Now at SS: Johnny Bryant
Batting: RHB Rafael Hernández 0-0: Ball
1-0: Swinging Strike
1-1: Ball
2-1: Fly out, F9 (Popup, 4D)
Pinch Hitting: RHB Peter Baker 0-0: Ball
1-0: Swinging Strike
1-1: SINGLE (Groundball, 56)
Batting: RHB Dana Akers 0-0: Called Strike
0-1: Ball
1-1: Ball
2-1: Ball
3-1: Base on Balls
Peter Baker to second
Batting: RHB António Acosta 0-0: Ball
1-0: Fly out, F7 (Flyball, 78M)
Batting: LHB Errol Levick 0-0: Called Strike
0-1: Ball
1-1: Swinging Strike
1-2: Ball
2-2: Foul Ball, location: 2F
2-2: Fly out, F7 (Popup, 78S)
Bottom of the 9th over - 0 run(s), 1 hit(s), 0 error(s), 2 left on base; Billings 5 - Virginia Beach 4
This league is powered by Out of the Park Baseball, the baseball management simulation game for PC, Mac and Linux
Monday, October 3rd, 2016 - OOTP Baseball 16.9 Build 39